 Dungeon Crawl Stone Soup version 0.31-a0-145-g046c7d2549 (webtiles) character file.

Game seed: 15872232839438198661

3912 NateTC the Grappler (level 10, -2/100 HPs)
             Began as a Troll Fighter on June 7, 2023.
             Was a Believer of Wu Jian.
             Slain by a killer bee (11 damage)
             ... on level 9 of the Dungeon.
             The game lasted 00:14:12 (7468 turns).

NateTC the Grappler (Troll Fighter)                 Turns: 7468, Time: 00:14:13

Health: -2/100     AC:  5    Str: 26    XL:     10   Next: 1%
Magic:  9/9        EV: 14    Int:  8    God:    Wu Jian [**....]
Gold:   436        SH: 10    Dex:  9    Spells: 9/9 levels left

rFire   + .          .
                       - Unarmed
rCold   + . .        b - +1 kite shield
rNeg    . . .        s - +1 robe of Greed {rElec Will++ Regen+}
rPois   +            (helmet restricted)
rElec   +            (no cloak)
rCorr   +            (gloves unavailable)
SInv    .            (boots unavailable)
Will    ++...        (no amulet)
Stlth   +            k - +5 ring of evasion
HPRegen 1.96/turn    (no ring)
MPRegen 0.11/turn

%: no passive effects
@: resistant, studying Transmutations
A: large, unfitting armour, claws 3, regeneration 1, shaggy fur 1, tough skin 1
a: Renounce Religion, Wall Jump


You were on level 9 of the Dungeon.
You worshipped Wu Jian.
Wu Jian was pleased with you.
You visited 2 branches of the dungeon, and saw 10 of its levels.

You collected 436 gold pieces.

Inventory:

Armour
 b - a +1 kite shield (worn)
 s - the +1 robe of Greed (worn) {rElec Will++ Regen+}
   (You found it on level 6 of the Dungeon)

   rElec:     It insulates you from electricity.
   Regen:     It increases your rate of health regeneration.
   Will:      It greatly increases your willpower.
Jewellery
 k - a +5 ring of evasion (left claw)
Wands
 m - a wand of quicksilver (2)
 n - a wand of polymorph (7)
 o - a wand of iceblast (6)
 p - a wand of paralysis (9)
Scrolls
 a - a scroll of silence
 j - 3 scrolls of enchant weapon
 r - 2 scrolls of blinking
Potions
 c - 2 potions of might
 e - a potion of lignification
 f - a potion of attraction
 g - 2 potions of ambrosia
 h - 7 potions of curing
 i - a potion of heal wounds
 u - a potion of berserk rage
 v - a potion of mutation


   Skills:
 + Level 6.5 Fighting
 - Level 2.4 Dodging
 + Level 7.1 Shields
 * Level 10.4 Unarmed Combat


You had 9 spell levels left.
You didn't know any spells.
Your spell library contained the following spells:

 Spells                   Type           Power      Damage    Failure   Level
 Apportation              Tloc           0%         N/A       63%         1
 Foxfire                  Conj/Fire      0%         2x1d4     63%         1
 Necrotise                Necr           0%         1d4       63%         1
 Summon Small Mammal      Summ           0%         N/A       63%         1
 Tukima's Dance           Hex            0%         N/A       94%         3
 Passage of Golubria      Tloc           0%         N/A       100%        4
 Fireball                 Conj/Fire      0%         3d3       100%        5
 Yara's Violent Unravell  Hex/Tmut       0%         3d3       100%        5
 Plasma Beam              Fire/Air       0%         2x1d10    100%        6
 Starburst                Conj/Fire      0%         6d3       100%        6


Dungeon Overview and Level Annotations

Branches:
Dungeon (9/15) Zot: 26801  Temple (1/1) D:5 Zot: 5951
   Lair: D:8-11         Orc: D:9-12

Altars:
Ashenzari
Cheibriados
Dithmenos
Elyvilon
Gozag
Hepliaklqana
Kikubaaqudgha
Nemelex Xobeh
Okawaru
Ru
Sif Muna
Trog
Uskayaw
Vehumet
Wu Jian
Xom
Yredelemnul
Zin
The Shining One

Shops:
D:8 !

Annotations:
D:8 1 transporter


Innate Abilities, Weirdness & Mutations

You are too large for most types of armour.
You have claws for hands.
Your natural rate of healing is unusually fast.
You are covered in fur. (AC +1)
You have tough skin. (AC +1)


Message History

The killer bee barely misses you. You block the killer bee's attack.
The killer bee stings you but does no damage.
You block the killer bee's attack. The killer bee stings you!
* * * LOW HITPOINT WARNING * * *
The killer bee barely misses you. The killer bee closely misses you.
The killer bee stings you but does no damage.
You block the killer bee's attack.
You have reached level 10!
You feel much better.
You feel sick. The killer bee stings you.
The killer bee closely misses you. x2; The killer bee stings you.
You block the killer bee's attack. The killer bee stings you.
* * * LOW HITPOINT WARNING * * *
The killer bee stings you!
* * * LOW HITPOINT WARNING * * *
The killer bee stings you.
* * * LOW HITPOINT WARNING * * *
You block the killer bee's attack. x3; The killer bee misses you. x2
The killer bee closely misses you.
You spin and attack the killer bee.
You miss the killer bee.
You spin and attack the killer bee.
You closely miss the killer bee.
The killer bee is moderately wounded.
You spin and attack the killer bee.
You claw the killer bee!
The killer bee is heavily wounded.
You spin and attack the killer bee.
You miss the killer bee.
You feel sick.
The killer bee stings you but does no damage.
You block the killer bee's attack. The killer bee misses you.
The killer bee closely misses you. You block the killer bee's attack.
The killer bee stings you.
* * * LOW HITPOINT WARNING * * *
You are more poisoned.
The killer bee poisons you! The killer bee closely misses you. x2
The killer bee barely misses you. The killer bee closely misses you.
Okay, then.
You feel better. The killer bee barely misses you.
You block the killer bee's attack. The killer bee stings you.
* * * LOW HITPOINT WARNING * * *
You block the killer bee's attack. The killer bee stings you.
* * * LOW HITPOINT WARNING * * *
You block the killer bee's attack. The killer bee stings you!
You die...

#..........####...>....#
###'######## #........#
#.## ##+####### #..###
##.).# ###)#### #..)...#
#..yyy.# #..y@yy#
#..yyyy# #.yyyyy#####
#..........#
#......###..# #.>....#
#......# #...$y.#
#......#


You could see a queen bee and 15 killer bees.

Vanquished Creatures
  6 yaks (D:9)
  Duvessa (D:5)
  2 black bears
  A sky beast (D:8)
  3 ice beasts
  3 ogres
  A centaur (D:8)
  A kobold brigand (D:8)
  3 phantoms
  4 bullfrogs
  A scorpion (D:6)
  4 wights (D:7)
  Dowan (D:5)
  2 killer bees (D:9)
  An electric eel (D:8)
  A jelly (D:5)
  A gnoll bouda (D:5)
  4 orc priests
  A hound (D:4)
  An iron imp (D:7)
  5 sleepcaps
  2 iguanas
  13 orc wizards
  11 gnolls
  5 adders
  3 shadow imps
  A white imp (D:5)
  An ufetubus (D:5)
  3 worms
  4 dart slugs
  25 orcs
  13 endoplasms
  A giant cockroach (D:1)
  6 goblins
  7 hobgoblins
  9 jackals
  9 quokkas
  10 ball pythons
  6 bats
  5 frilled lizards
  11 kobolds
  4 rats
196 creatures vanquished.

Notes
Turn   | Place    | Note
-------+----------+-------------------------------------------
     0 | D:1      | NateTC the Troll Fighter began the quest for the Orb.
     0 | D:1      | Reached XP level 1. HP: 22/22 MP: 0/0
   201 | D:1      | Reached XP level 2. HP: 27/29 MP: 1/1
   703 | D:1      | Reached XP level 3. HP: 35/36 MP: 2/2
   903 | D:2      | Reached skill level 3 in Unarmed Combat
  1096 | D:2      | Reached XP level 4. HP: 36/44 MP: 3/3
  2589 | D:4      | Reached XP level 5. HP: 53/53 MP: 4/4
  2611 | D:4      | Reached skill level 4 in Unarmed Combat
  2813 | D:4      | Noticed an ice beast
  2835 | D:4      | Killed an ice beast
  2836 | D:4      | Reached XP level 6. HP: 33/61 MP: 5/5
  2838 | D:4      | Reached skill level 5 in Unarmed Combat
  3103 | D:4      | Found a shimmering blue altar of Sif Muna.
  3128 | D:4      | Reached XP level 7. HP: 25/68 MP: 6/6
  3188 | D:4      | Found an ancient bone altar of Kikubaaqudgha.
  3197 | D:4      | Found a radiant altar of Vehumet.
  3717 | D:5      | Entered Level 5 of the Dungeon
  3718 | D:5      | Noticed Duvessa
  3719 | D:5      | Noticed Dowan
  3729 | D:5      | Killed Duvessa
  3730 | D:5      | Reached skill level 6 in Unarmed Combat
  3734 | D:5      | Killed Dowan
  4053 | D:5      | Reached skill level 5 in Shields
  4077 | D:5      | Reached XP level 8. HP: 67/79 MP: 7/7
  4295 | D:5      | Found a staircase to the Ecumenical Temple.
  4388 | Temple   | Entered the Ecumenical Temple
  4415 | Temple   | Became a worshipper of the Wu Jian Council
  4495 | D:5      | Reached skill level 7 in Unarmed Combat
  5029 | D:6      | Reached * piety under Wu Jian
  5113 | D:6      | Found a shadowy altar of Dithmenos.
  5190 | D:6      | Reached skill level 5 in Fighting
  5207 | D:6      | Identified the +1 robe of Greed {rElec Will++ Regen+}
  5501 | D:6      | Reached skill level 8 in Unarmed Combat
  5900 | D:7      | Reached XP level 9. HP: 86/88 MP: 8/8
  5957 | D:7      | Found a glowing silver altar of Zin.
  5957 | D:7      | Found a sacrificial altar of Ru.
  6036 | D:7      | Found a snail-covered altar of Cheibriados.
  6208 | D:7      | Found a glowing golden altar of the Shining One.
  6545 | D:7      | Identified a scroll of acquirement
  6545 | D:7      | Acquired a manual of Transmutations
  6555 | D:8      | Reached skill level 9 in Unarmed Combat
  6646 | D:8      | Reached ** piety under Wu Jian
  6850 | D:8      | Found a transporter.
  6863 | D:8      | Found Udoguro's Distillery.
  7316 | D:9      | Reached skill level 10 in Unarmed Combat
  7452 | D:9      | Noticed a queen bee
  7466 | D:9      | Reached XP level 10. HP: 8/100 MP: 9/9
  7468 | D:9      | Slain by a killer bee

Illustrated notes

Levels and vault maps discovered:
D:1:      psy_arrival_conway, layout_loops_corners
D:2:      layout_basic, st_stairs_1, chequers_serial_rivers_room_b,
          minmay_3d_cube
D:3:      layout_rooms
D:4:      layout_basic, palyth_temple_overflow_mages
D:5:      nicolae_cairo_tiling_very_big, layout_basic, temple_hall, uniq_duvessa
D:6:      layout_loops_corners, overflow_temple_1_default
D:7:      layout_loops_corners, tso_oasis_becter, slow_altar_2,
          nicolae_overflow_two_pavilions
D:8:      layout_basic, nicolae_wooded_promenade, nicolae_diode_basic
D:9:      layout_roguey [special_room_bee], lemuel_round_altar
Temple:   minmay_temple_bridge_abc

Skill      XL: |  1  2  3  4  5  6  7  8  9 |
---------------+----------------------------+-----
Shields        | 3 4 5 6 7 |  7.1
Unarmed Combat | 3 4 5 6 8 10 | 10.4
Fighting       | 3 4 5 6 |  6.5
Dodging        | |  2.4

Action                     |  1- 3 |  4- 6 |  7- 9 | 10-12 || total
---------------------------+-------+-------+-------+-------++-------
  Melee: Unarmed           |   118 |   205 |   381 |     4 ||   708
Ability: Lunge             |       |       |    21 |       ||    21
         Whirlwind         |       |       |    30 |     4 ||    34
         Wall Jump         |       |       |     2 |       ||     2
    Use: Scroll            |     3 |     5 |    16 |       ||    24
         Potion            |       |       |     2 |     2 ||     4
   Stab: Sleeping          |     1 |       |       |       ||     1
         Distracted        |       |       |     1 |       ||     1
 Armour: Robe              |    44 |    39 |    40 |     1 ||   124
  Dodge: Dodged            |    39 |    95 |   156 |    12 ||   302
  Block: Kite shield       |    32 |    84 |   138 |     9 ||   263

Table legend: (Time is in decaauts)
 A = Elapsed time spent in this place.
 B = Non-inter-level travel time spent in this place.
 C = Inter-level travel time spent in this place.
 D = Time resting spent in this place.
 E = Time spent auto-exploring this place.
 F = Levels seen in this place.
 G = Mean time per level.
                   A        B        C        D        E       F      G
               +--------+--------+--------+--------+--------+-----+--------+
         Total |   7469 |   7274 |    195 |    286 |   5256 |  10 |  746.9 |
       Dungeon |   7421 |   7247 |    174 |    286 |   5241 |   9 |  824.6 |
        Temple |     48 |     27 |     21 |      0 |     15 |   1 |   48.0 |
               +--------+--------+--------+--------+--------+-----+--------+

Top non-repeatable levels by time:
     D:2: 1224 daAuts
     D:4: 1158 daAuts
     D:5: 989 daAuts
     D:6: 913 daAuts
     D:1: 904 daAuts
     D:7: 874 daAuts
     D:8: 714 daAuts
     D:3: 445 daAuts
     D:9: 197 daAuts
  Temple: 48 daAuts
